Map: At Eternity's Edge LE

Players

Fjant - Winner!

  • Race: Zerg Zerg
  • League: Grandmaster
  • Spawn Location: 5:00

SKillous

  • Race: Protoss Protoss
  • League: Grandmaster
  • Spawn Location: 11:00

Event: HomeStory Cup XXIX

VOD

Have the link to the VOD?

Description

Time

  • Played on: July 4, 2026, 2:51 p.m.
  • Length: 7:25

All games in this series

Show
View Real Time Build Order
Export as new Build Order

Fjant Zerg - Winner!

Build Orders: Hatch First 

Get SALT Encoding   

  8  0:00  Drone  
  9  0:10  Drone  
  10  0:18  Drone  
  11  0:22  Drone  
  12  0:32  Overlord  
  12  0:50  Drone x2  
  12  0:51  Drone  
  15  1:03  Drone  
  16  1:16  Hatchery  
  16  1:18  Drone  
  16  1:21  Drone  
  16  1:23  Extractor  
  16  1:32  Drone  
  17  1:42  Spawning Pool  
  17  1:44  Drone  
  17  1:51  Drone  
  18  2:00  Drone  
  19  2:11  Overlord  
  19  2:29  Metabolic Boost  
  19  2:30  Queen  
  19  2:34  Zergling x2  
  22  2:37  Queen  
  22  2:43  Drone x2  
  26  2:46  Zergling x2  
  26  2:50  Drone  
  28  2:54  Overlord  
  28  2:57  Drone  
  29  3:00  Drone  
  30  3:12  Queen  
  32  3:20  Extractor  
  32  3:26  Zergling x4  
  33  3:29  Zergling x2  
  33  3:32  Drone x3  
  33  3:33  Queen  
  39  3:36  Extractor  
  39  3:38  Overlord  
  39  3:42  Overlord  
  39  3:46  Extractor  
  39  3:50  Drone  
  41  3:56  Hatchery  
  40  4:03  Drone x4  
  44  4:12  Roach Warren  
  44  4:15  Drone x2  
  45  4:24  Drone  
  45  4:25  Overlord  
  45  4:26  Drone x2  
  48  4:32  Extractor, Drone  
  48  4:33  Drone x2  
  50  4:48  Overlord  
  50  4:49  Overlord x2  
  50  4:51  Spore Crawler  
  49  4:59  Roach x3  
  55  5:02  Spore Crawler  
  55  5:05  Roach  
  56  5:08  Roach x3  
  61  5:16  Roach x3  
  61  5:19  Roach  
  68  5:21  Zergling x4  
  68  5:24  Zergling x4  
  68  5:26  Zergling x2  
  73  5:30  Zergling x4  
  73  5:33  Zergling x4  
  77  5:37  Ravager  
  77  5:38  Zergling x4  
  77  5:40  Zergling x2  
  81  5:44  Zergling x4  
  81  5:49  Overlord  
  83  5:50  Overlord  
  83  5:54  Overlord  
  82  6:06  Zergling x6  
  83  6:14  Zergling x2  
  83  6:15  Zergling x12  
  82  6:19  Zergling x4  
  76  6:27  Zergling x6  
  76  6:29  Zergling x4  
  73  6:35  Queen  
  73  6:37  Zergling x2  
  73  6:39  Zergling x2  
  66  6:40  Zergling x2  
  63  6:55  Zergling x6  
  63  6:57  Zergling x2  
  66  7:04  Zergling x4  
Show
View Real Time Build Order
Export as new Build Order

SKillous Protoss 

Build Orders: 1 Gate Expand 

Get SALT Encoding   

  8  0:00  Probe (Chrono Boost)  
  9  0:12  Probe (Chrono Boost)  
  10  0:17  Probe (Chrono Boost)  
  11  0:27  Probe  
  12  0:32  Pylon  
  12  0:39  Probe  
  13  0:51  Probe  
  14  0:58  Gateway  
  14  1:03  Probe (Chrono Boost)  
  15  1:13  Probe (Chrono Boost)  
  15  1:18  Probe (Chrono Boost)  
  17  1:30  Probe  
  18  1:41  Nexus  
  18  1:47  Assimilator  
  18  1:57  Cybernetics Core  
  18  1:59  Probe  
  19  2:06  Assimilator  
  19  2:11  Probe  
  19  2:14  Pylon  
  20  2:24  Probe  
  21  2:30  Adept (Chrono Boost)  
  21  2:36  Probe  
  24  2:48  Probe  
  25  2:52  Adept (Chrono Boost)  
  25  2:54  Probe  
  28  3:00  Probe (Chrono Boost)  
  28  3:03  Stargate  
  29  3:06  Probe (Chrono Boost)  
  29  3:07  Pylon  
  31  3:18  Adept, Probe x2 (Chrono Boost)  
  34  3:23  Probe (Chrono Boost)  
  34  3:24  Warp Gate  
  34  3:25  Probe (Chrono Boost)  
  36  3:32  Probe  
  37  3:36  Probe  
  38  3:44  Gateway, Probe  
  38  3:45  Pylon  
  39  3:49  Probe  
  39  3:51  Stalker  
  42  4:01  Oracle (Chrono Boost)  
  42  4:03  Probe  
  42  4:05  Pylon, Probe  
  47  4:15  Probe  
  48  4:17  Probe  
  49  4:27  Probe  
  49  4:29  Probe  
  49  4:30  Nexus  
  51  4:32  Pylon  
  51  4:36  Oracle  
  54  4:39  Probe  
  54  4:43  Assimilator, Probe  
  54  4:45  Assimilator  
  56  4:51  Probe  
  57  4:55  Gateway  
  57  4:56  Gateway  
  57  4:59  Probe  
  58  5:02  Pylon  
  58  5:04  Probe  
  58  5:05  Sentry x2  
  63  5:19  Probe  
  65  5:21  Probe  
  65  5:22  Sentry, Forge  
  65  5:23  Sentry  
  69  5:31  Probe  
  69  5:33  Shield Battery  
  69  5:35  Pylon, Probe  
  71  5:40  Pylon  
  71  5:49  Oracle  
  67  5:57  Shield Battery  
  67  6:03  Photon Cannon, Stalker x3  
  73  6:04  Stalker  
  73  6:09  Pylon  
  73  6:12  Shield Battery  
  73  6:16  Shield Battery  
  61  6:20  Probe  
  41  6:26  Stalker x2  
  41  6:28  Stalker  
  36  6:56  Stalker  
  33  7:03  Probe x2  
  33  7:07  Probe  
Tags
 
Add a new tag
Caveats
  • Supply blocks, unpowered buildings, or Contaminate may cause inaccurate times.
  • Supply counts are checked every 10 seconds.